 Dungeon Crawl Stone Soup version 0.22-a0-445-g8c8ef71 (webtiles) character file.

58 pk666 the Magician (level 3, 0/19 HPs)
             Began as a Deep Elf Wizard on June 3, 2018.
             Slain by Natasha (7 damage)
             ... on level 2 of the Dungeon.
             The game lasted 00:02:53 (1461 turns).

pk666 the Magician (Deep Elf Wizard)                Turns: 1461, Time: 00:02:54

Health: 0/19       AC:  2    Str:  4    XL:     3   Next: 76%
Magic:  7/11       EV: 13    Int: 23    God:
Gold:   70         SH:  0    Dex: 13    Spells: 11/12 levels left

rFire    . . .     SeeInvis .   c - +0 dagger
rCold    . . .     Gourm    .   (no shield)
rNeg     . . .     Faith    .   a - +0 robe
rPois    .         Spirit   .   b - +0 hat
rElec    .         Reflect  .   (no cloak)
rCorr    .         Harm     .   (no gloves)
MR       .....                  (no boots)
Stlth    ++........             (no amulet)
HPRegen  0.06/turn              (no ring)
MPRegen  0.12/turn              (no ring)

@: no status effects
A: no striking features
a: no special abilities


You were on level 2 of the Dungeon.
You were not hungry.

You visited 1 branch of the dungeon, and saw 2 of its levels.

You collected 70 gold pieces.

Inventory:

Hand Weapons
 c - a +0 dagger (weapon)
Armour
 a - a +0 robe (worn)
 b - a +0 hat (worn)
Scrolls
 f - a scroll of enchant weapon {unknown}
 i - a scroll of fog {unknown}
 k - a scroll of identify {unknown}
Potions
 e - a potion of flight {unknown}
 g - a potion of brilliance {unknown}
 h - 2 potions of curing
Comestibles
 d - 2 rations
 j - 3 chunks of flesh


   Skills:
 + Level 3.1 Dodging
 - Level 2.4 Stealth
 * Level 5.4 Spellcasting
 * Level 2.6 Conjurations
   Level 1.1 Summonings
   Level 1.1 Translocations


You had 11 spell levels left.
You knew the following spells:

 Your Spells              Type           Power        Failure   Level  Hunger
a - Magic Dart            Conj           ###.         3%          1    None

Your spell library contained the following spells:

 Spells                   Type           Power        Failure   Level  Hunger
 Conjure Flame            Conj/Fire      ##......     16%         3    ##.....
 Slow                     Hex            #.......     14%         2    None
 Mephitic Cloud           Conj/Pois/Air  ##......     19%         3    ##.....
 Blink                    Tloc           N/A          9%          2    None
 Call Imp                 Summ           ##......     9%          2    None


Dungeon Overview and Level Annotations

Branches:
Dungeon (2/15)

Altars:

Annotations:
D:2 Natasha


Message History

Aiming: Magic Dart (safe; 3% risk of failure)
Press: ? - help, Shift-Dir - straight line, f/p - Natasha
Aim: Natasha (heavily wounded)
The magic dart hits Natasha.
Natasha is severely wounded.
Casting: Magic Dart (safe; 3% risk of failure)
Confirm with . or Enter, or press ? or * to list all spells.
Aiming: Magic Dart (safe; 3% risk of failure)
Press: ? - help, Shift-Dir - straight line, f/p - Natasha
Aim: Natasha (severely wounded)
The magic dart hits Natasha.
Natasha is almost dead.
Natasha drinks a potion.
Natasha is healed!
No previous command to re-do.
No previous command to re-do.
No previous command to re-do.
You hit Natasha but do no damage. Natasha misses you.
You closely miss Natasha. Natasha claws you.
You hit Natasha but do no damage. Natasha claws you!
You die...

##### ....# ....# ....#
..##.#####....#
........@.....+
..#######h....# #.....#
###'###### #####
#........# #...#
#........# ########...##
#[.......#
............#####.######
########.....# #......#


You could see Natasha.

Vanquished Creatures
  Natasha (D:2)
  An adder (D:2)
  A dart slug (D:1)
  A leopard gecko (D:2)
  A giant cockroach (D:1)
  5 goblins
  3 hobgoblins
  4 kobolds
  A quokka (D:2)
  2 bats (D:1)
  A rat (D:1)
21 creatures vanquished.

Notes
Turn   | Place    | Note
-------+----------+-------------------------------------------
     0 | D:1      | pk666 the Deep Elf Wizard began the quest for the Orb.
     0 | D:1      | Reached XP level 1. HP: 10/10 MP: 7/7
   205 | D:1      | Reached XP level 2. HP: 12/15 MP: 1/9
  1144 | D:2      | Reached skill level 5 in Spellcasting
  1144 | D:2      | Reached XP level 3. HP: 19/19 MP: 4/11
  1297 | D:2      | Noticed Natasha
  1308 | D:2      | Killed Natasha
  1452 | D:2      | Noticed Natasha
  1461 | D:2      | Slain by Natasha

Vault maps used:
D:1:      ncdulo_halloftheorcs
D:2:      nicolae_ru_sacrificial_ziggurat, serial_corexii_hall,
          corexii_hall_statues_s, corexii_hall_statues_i,
          corexii_hall_statues_x, corexii_hall_statues_s,
          corexii_hall_statues_t, corexii_hall_statues_i, uniq_natasha

Skill      XL: |  1  2  3 |
---------------+----------+-----
Conjurations   | 2 |  2.6
Spellcasting   | 5 |  5.4
Dodging        | 3 |  3.1
Stealth        | |  2.4
Summonings     | |  1.1
Translocations | |  1.1

Action                   || total
-------------------------++-------
Melee: Dagger            ||     3
 Cast: Magic Dart        ||    66
  Eat: Chunk             ||     1
Armor: Robe              ||     1
Dodge: Dodged            ||     5

Table legend:
 A = Spawn XP
 B = Non-spawn XP
 C = Spawn XP percentage of total XP
 D = Spawn monster count
 E = Non-spawn monster count
 F = Spawn count percentage of total count
 G = Total turns spent on level
                    A         B        C        D         E        F      G
               +---------+---------+-------+---------+---------+-------+---------
         Total |       0 |      84 |   0.0 |       0 |      21 |   0.0 |  1461
               +---------+---------+-------+---------+---------+-------+---------
           D:1 |       0 |      22 |   0.0 |       0 |      12 |   0.0 |  1031
           D:2 |       0 |      62 |   0.0 |       0 |       9 |   0.0 |   430
               +---------+---------+-------+---------+---------+-------+---------
